 Dungeon Crawl Stone Soup version 0.30.0-5-g1a98f26d00 (webtiles) character file.

Game seed: 16162509704199657996

46 Pimp the Covered (level 3, -4/23 HPs)
             Began as a Tengu Fighter on May 10, 2023.
             Slain by a gnoll
             ... wielding a +0 flail
              (6 damage)
             ... on level 2 of the Dungeon.
             The game lasted 00:01:28 (893 turns).

Pimp the Covered (Tengu Fighter)                     Turns: 893, Time: 00:01:29

Health: -4/23      AC:  7    Str: 18    XL:     3   Next: 66%
Magic:  4/4        EV:  9    Int:  8    God:
Gold:   41         SH:  5    Dex: 13    Spells: 2/2 levels left

rFire   . . .        a - +0 war axe
rCold   . . .        c - +0 buckler
rNeg    . . .        b - +0 scale mail
rPois   .            (helmet restricted)
rElec   .            (no cloak)
rCorr   .            (no gloves)
SInv    .            (boots unavailable)
Will    .....        (no amulet) Stlth
                     (no ring)
HPRegen 0.23/turn    (no ring)
MPRegen 0.09/turn

%: no passive effects
@: no status effects
A: beak, talons 3
a: no special abilities


You were on level 2 of the Dungeon.
You visited 1 branch of the dungeon, and saw 2 of its levels.

You collected 41 gold pieces.

Inventory:

Hand Weapons
 a - a +0 war axe (weapon)
Armour
 b - a +0 scale mail (worn)
 c - a +0 buckler (worn)
Scrolls
 e - a scroll of brand weapon {unknown}
 g - 4 scrolls of identify {unknown}
 k - a scroll of torment {unknown}
 l - a scroll of enchant weapon {unknown}
Potions
 d - a potion of might
 f - 2 potions of invisibility {unknown}
 h - a potion of ambrosia {unknown}
 i - a potion of berserk rage {unknown}
 j - 2 potions of lignification {unknown}


   Skills:
 + Level 3.4 Fighting
 + Level 2.8 Axes
 + Level 3.8 Armour
 + Level 3.4 Shields


You had 2 spell levels left.
You didn't know any spells.
Your spell library was empty.

Dungeon Overview and Level Annotations

Branches:
Dungeon (2/15)

Altars:


Innate Abilities, Weirdness & Mutations

You have a beak for a mouth.
You have claws for feet.


Message History

You see here a quokka corpse.
You feel sick.
You are no longer poisoned.
l - a scroll labelled SEXKICE ILLIRUNAEN You see here a quokka corpse.
Found a stone staircase leading up.
You see here a +0 trident.
A frilled lizard comes into view.
The frilled lizard hisses angrily.
A frilled lizard is nearby!
The frilled lizard barely misses you.
You hit the frilled lizard.
You kill the frilled lizard!
A gnoll comes into view. It is wielding a +0 flail.
A gnoll and a kobold come into view.
The gnoll shouts! x2; The kobold shouts!
A gnoll comes into view. It is wielding a +0 flail.
You closely miss the kobold.
The gnoll shouts!
You claw the kobold. Your peck misses the kobold.
The kobold is heavily wounded.
You block the kobold's attack.
A gnoll comes into view. It is wielding a +0 spear.
You barely miss the kobold.
The kobold is heavily wounded.
The kobold hits you but does no damage. The kobold closely misses you.
The kobold throws a stone.
The stone hits you.
You closely miss the kobold. You claw the kobold.
You kill the kobold!
You slash the gnoll!
You kill the gnoll!
The gnoll attacks as you move away! The gnoll hits you with a +0 flail!
The gnoll attacks as you move away! The gnoll hits you with a +0 flail.
You hit the gnoll but do no damage. You claw the gnoll.
The gnoll is lightly wounded.
The gnoll hits you with a +0 flail.
The gnoll hits you from afar with a +0 spear.
* * * LOW HITPOINT WARNING * * *
The gnoll hits you with a +0 flail.
You die...

#....†........[........
######....#.......###
#.#..........#
#............# .###.
###.........## .....
#....#....# ....##
##).......# ......
#...<#########......
#.......@ggg#.......
#...#######.#.......
#...# #.)......# #...#
####....#. #...# ##.#
#...# #...# #...# #...#


You could see 3 gnolls.

Vanquished Creatures
  An adder (D:2)
  A gnoll (D:2)
  3 endoplasms (D:1)
  2 giant cockroaches (D:1)
  A goblin (D:2)
  2 hobgoblins (D:1)
  3 kobolds
  3 quokkas
  3 ball pythons
  3 bats
  2 frilled lizards
  3 rats (D:1)
27 creatures vanquished.

Notes
Turn   | Place    | Note
-------+----------+-------------------------------------------
     0 | D:1      | Pimp the Tengu Fighter began the quest for the Orb.
     0 | D:1      | Reached XP level 1. HP: 14/14 MP: 2/2
   116 | D:1      | Reached XP level 2. HP: 19/19 MP: 3/3
   364 | D:1      | Found a faded altar of an unknown god.
   762 | D:2      | Reached XP level 3. HP: 23/23 MP: 4/4
   893 | D:2      | Slain by a gnoll

Illustrated notes

Levels and vault maps discovered:
D:1:      grunt_arrival_crossed_arrows, layout_basic,
          shapermc_ecumenical_altar_mp_urbaneastern, minmay_surrounded
D:2:      layout_basic, serial_shops, nicolae_shop_just_a_little_nook,
          minmay_misc_feat_chi

Action                     || total
---------------------------++-------
  Melee: War axe           ||    48
         Kick              ||     8
         Peck              ||     6
 Armour: Scale mail        ||    37
  Dodge: Dodged            ||    20
  Block: Buckler           ||     9
